 Dungeon Crawl Stone Soup version 0.30.1-11-g7821555f0a (webtiles) character file.

Game seed: 4648182965462222338

15268 cowcol the Severer (level 11, -5/84 HPs)
             Began as a Minotaur Fighter on Dec 3, 2023.
             Was a High Priest of Okawaru.
             Slain by a freezing wraith (19 damage)
             ... on level 9 of the Dungeon on Dec 4, 2023.
             The game lasted 00:28:24 (11262 turns).

cowcol the Severer (Minotaur Fighter)              Turns: 11262, Time: 00:28:24

Health: -5/84      AC: 20    Str: 35    XL:     11   Next: 99%
Magic:  11/11      EV:  8    Int:  5    God:    Okawaru [*****.]
Gold:   354        SH:  0    Dex: 12    Spells: 10/10 levels left

rFire   . . .        j - +1 battleaxe (venom)
rCold   . . .        (shield currently unavailable)
rNeg    . . .        L - +0 plate armour
rPois   .            (helmet restricted)
rElec   .            (no cloak)
rCorr   .            f - +1 pair of gloves
SInv    .            u - +1 pair of boots {rampage}
Will    ++...        (no amulet) Stlth
                     F - ring of the Tarantula {Will++ Str+6 Int-2 Dex+2}
HPRegen 0.34/turn    B - +6 ring of strength
MPRegen 0.12/turn

%: rampage
@: no status effects
A: horns 2, retaliatory headbutt
a: Renounce Religion, Heroism, Finesse, Duel


You were on level 9 of the Dungeon.
You worshipped Okawaru.
Okawaru was extremely pleased with you.
You visited 2 branches of the dungeon, and saw 10 of its levels.
You also visited: Ossuary and Bailey.

You collected 623 gold pieces.
You spent 269 gold pieces at shops.

Inventory:

Hand Weapons
 a - a +0 war axe
 e - a +0 morningstar of draining
 j - a +1 battleaxe of venom (weapon)
Missiles
 i - 10 poisoned darts
 n - 8 boomerangs (quivered)
 t - 6 boomerangs of dispersal
Armour
 b - a +0 scale mail
 c - a +0 buckler
 f - a +1 pair of gloves (worn)
 m - +0 steam dragon scales
 q - a +0 chain mail
 u - a +1 pair of boots of rampaging (worn)
 J - a +4 ring mail of fire resistance
 L - a +0 plate armour (worn)
Jewellery
 o - a +5 ring of evasion
 x - a ring of ice
 y - a ring of see invisible
 B - a +6 ring of strength (right hand)
 F - the ring of the Tarantula (left hand) {Will++ Str+6 Int-2 Dex+2}
   (You found it in a bailey)

   [ring of strength]

   Str:       It affects your strength (+6).
   Int:       It affects your intelligence (-2).
   Dex:       It affects your dexterity (+2).
   Will:      It greatly increases your willpower.
 G - a +6 ring of intelligence
Wands
 k - a wand of mindburst (8)
 C - a wand of flame (21)
Scrolls
 d - 2 scrolls of identify
 g - a scroll of silence
 p - 2 scrolls of fog
 w - 2 scrolls of amnesia
 D - 2 scrolls of poison
 E - a scroll of fear
 I - a scroll of enchant armour
 M - a scroll of teleportation
Potions
 l - a potion of heal wounds {unknown}
 r - a potion of lignification {unknown}
 s - 2 potions of attraction {unknown}
 v - 4 potions of curing
 z - a potion of flight {unknown}
 A - a potion of ambrosia
 H - a potion of mutation {unknown}
Miscellaneous
 K - a box of beasts


   Skills:
 - Level 4.0 Fighting
 + Level 0.7(1.0) Short Blades
 + Level 0.7(1.0) Long Blades
 + Level 18.9 Axes
 + Level 0.7(12.4) Maces & Flails
 + Level 0.9(12.4) Polearms
 + Level 0.9(1.2) Staves
 + Level 1.2 Ranged Weapons
 - Level 1.0 Throwing
 - Level 12.0 Armour
 - Level 3.6 Shields
 - Level 0.3 Conjurations
 - Level 0.3 Hexes
 - Level 0.4 Summonings
 - Level 0.3 Necromancy
 - Level 0.3 Translocations
 - Level 0.4 Transmutations
 - Level 0.3 Fire Magic
 - Level 0.5 Ice Magic
 - Level 0.6 Air Magic
 - Level 0.5 Earth Magic
 - Level 0.3 Poison Magic
 + Level 2.0 Invocations


You had 10 spell levels left.
You didn't know any spells.
Your spell library contained the following spells:

 Spells                   Type           Power      Damage    Failure   Level
 Sublimation of Blood     Necr           0%         N/A       98%         2
 Dazzling Flash           Conj/Hex       0%         N/A       100%        3
 Ozocubu's Armour         Ice            0%         N/A       100%        3
 Petrify                  Tmut/Erth      0%         N/A       100%        4
 Agony                    Necr           0%         N/A       100%        5
 Irradiate                Conj/Tmut      0%         3d11      100%        5
 Metabolic Englaciation   Hex/Ice        0%         N/A       100%        5
 Silence                  Hex/Air        0%         N/A       100%        5
 Simulacrum               Ice/Necr       Unusable   N/A       N/A         6

Dungeon Overview and Level Annotations

Branches:
Dungeon (9/15)             Temple (1/1) D:5         Ossuary (visited)
 Bailey (visited)
   Lair: D:8-11         Orc: D:9-12

Altars:
Ashenzari
Cheibriados
Dithmenos
Elyvilon
Fedhas
Gozag
Hepliaklqana
Kikubaaqudgha
Nemelex Xobeh
Okawaru
Qazlal
Ru
Sif Muna
Trog
Uskayaw
Vehumet
Wu Jian
Xom
Zin
The Shining One

Shops:
D:4 *   D:6 ?   D:8 *


Innate Abilities, Weirdness & Mutations

You have a pair of horns on your head.
You reflexively headbutt those who attack you in melee.


Message History

You see here an ugly thing corpse.
Things that are here:
+0 steam dragon scales; an ugly thing corpse; a steam dragon corpse
Things that are here:
+0 steam dragon scales; an ugly thing corpse; a steam dragon corpse A shadow comes into view.
The shadow slips into darkness.
The shadow flickers and vanishes!
Deactivating autopickup; reactivate with Ctrl-A.
You see here an ugly thing corpse.
A two-headed ogre comes into view.
It is wielding a +0 giant spiked club and a +0 dire flail.
You see here an ugly thing corpse.
Things that are here:
+0 steam dragon scales; an ugly thing corpse; a steam dragon corpse The shadow strikes at you from the darkness!
Reactivating autopickup.
You slice the shadow!!
You destroy the shadow!
Okawaru accepts your kill.
You hear two shouts!
Things that are here:
+0 steam dragon scales; an ugly thing corpse; a steam dragon corpse A wight comes into view.
It is wielding a +0 battleaxe.
You see here an ugly thing corpse.
Things that are here:
+0 steam dragon scales; an ugly thing corpse; a steam dragon corpse A freezing wraith comes into view.
You rampage towards the freezing wraith!
The freezing wraith hits you. The freezing wraith freezes you!!
The freezing wraith hits you.
* * * LOW HITPOINT WARNING * * *
The freezing wraith attacks as you move away!
The freezing wraith hits you but does no damage.
The freezing wraith hits you.
* * * LOW HITPOINT WARNING * * *
The freezing wraith attacks as you move away!
The freezing wraith hits you!
* * * LOW HITPOINT WARNING * * *
The freezing wraith freezes you!!
You die...

♣♣.♣♣ #.# #♣...♣# ###.#
#.....# #...# #♣...♣# #.###
♣♣O♣♣ ##[#
#############.##### ##..#
........#.........####..<##
........'.........))..÷...##
.)......#......W@.####.....#
..)...####[......## ##.##.#
##.#..# ##.....## ####.#
#.#.## ##...## #.#
#.#.########'## #.#
#.#..........############.#
#.#.#..#####...........!..#
..#.#..# ##.#####.########
####....####..# #.#


You could see a two-headed ogre and a freezing wraith.

Vanquished Creatures
  2 centaur warriors (D:9)
  A catoblepas (D:9)
  A boulder beetle (D:9)
  A two-headed ogre (D:9)
  A flayed ghost (D:9)
  A deep elf pyromancer (Bailey)
  Pikel (D:7)
  2 ugly things (D:9)
  An orc knight (Bailey)
  A manticore (D:9)
  Joseph (D:7)
  Maggie (D:7)
  A meliai (D:9)
  2 trolls (D:9)
  A hornet (D:9)
  A snapping turtle (shapeshifter) (D:9)
  2 shadows (D:9)
  4 wyverns
  2 wraiths (D:9)
  15 yaks
  2 steam dragons
  3 water moccasins
  12 orc warriors
  An ice beast (D:5)
  A sky beast (D:7)
  3 centaurs
  A phantom (D:5)
  An elf zombie (Ossuary)
  2 kobold brigands (D:9)
  4 bullfrogs
  A scorpion (D:5)
  4 wights
  10 killer bees
  4 howler monkeys
  3 hounds
  9 orc priests
  2 jellies (D:5)
  A sleepcap (D:5)
  5 orc wizards
  2 hound zombies (Ossuary)
  4 mummies (Ossuary)
  10 adders
  A shadow imp (D:6)
  5 white imps
  An ufetubus (D:6)
  2 adder zombies (Ossuary)
  4 dart slugs
  29 orcs
  5 ball pythons
  8 endoplasms
  3 giant cockroaches
  A gnoll zombie (Ossuary)
  5 goblins
  10 hobgoblins
  14 jackals
  9 kobolds
  5 quokkas
  6 bats
  6 frilled lizards
  A goblin zombie (Ossuary)
  A jackal zombie (Ossuary)
  A kobold zombie (Ossuary)
  2 rats
  3 rat zombies (Ossuary)
249 creatures vanquished.

Notes
Turn   | Place    | Note
-------+----------+-------------------------------------------
     0 | D:1      | cowcol the Minotaur Fighter began the quest for the Orb.
     0 | D:1      | Reached XP level 1. HP: 19/19 MP: 0/0
   210 | D:1      | Reached XP level 2. HP: 27/27 MP: 1/1
   574 | D:1      | Reached skill level 3 in Axes
   687 | D:1      | Reached XP level 3. HP: 33/33 MP: 2/2
  1368 | D:2      | Reached skill level 4 in Axes
  1479 | D:2      | Reached XP level 4. HP: 38/40 MP: 3/3
  2020 | D:3      | Found a faded altar of an unknown god.
  2104 | D:3      | Reached skill level 5 in Armour
  2166 | D:3      | Reached skill level 5 in Axes
  2166 | D:3      | Reached XP level 5. HP: 43/46 MP: 4/4
  2578 | D:4      | Reached XP level 6. HP: 52/52 MP: 5/5
  2628 | D:4      | Reached skill level 1 in Throwing
  2629 | D:4      | Reached skill level 6 in Axes
  2702 | D:4      | Found Ithre's Assorted Antiques.
  2707 | D:4      | Bought a pair of glowing boots for 187 gold pieces
  2843 | D:4      | Found a sacrificial altar of Ru.
  3103 | D:5      | Entered Level 5 of the Dungeon
  3133 | D:5      | Noticed an ice beast
  3140 | D:5      | Killed an ice beast
  3548 | D:5      | Found a staircase to the Ecumenical Temple.
  3566 | Temple   | Entered the Ecumenical Temple
  3803 | D:5      | Reached skill level 7 in Axes
  4120 | D:5      | Reached XP level 7. HP: 36/59 MP: 6/6
  4302 | D:5      | Found a broken altar of Ashenzari.
  4375 | D:5      | Reached skill level 8 in Axes
  5015 | D:5      | Found a stormy altar of Qazlal.
  5158 | D:5      | Reached skill level 9 in Axes
  5299 | D:6      | Reached XP level 8. HP: 53/66 MP: 7/7
  5434 | D:6      | Reached skill level 10 in Axes
  5808 | D:6      | Found a sand-covered staircase.
  5815 | Ossuary  | Entered an ossuary
  6097 | D:6      | Found an iron altar of Okawaru.
  6113 | D:6      | Reached skill level 11 in Axes
  6115 | D:6      | Became a worshipper of Warmaster Okawaru
  6236 | D:6      | Found The Oracle's Delphic Readings.
  6240 | D:6      | Bought a scroll of magic mapping for 82 gold pieces
  6323 | D:7      | Reached XP level 9. HP: 52/71 MP: 8/8
  6509 | D:7      | Reached skill level 12 in Axes
  6638 | D:7      | Noticed Pikel
  6638 | D:7      | Noticed Maggie
  6657 | D:7      | HP: 2/67 [Maggie/+0 morningstar of draining (2)]
  6667 | D:7      | Killed Pikel
  6667 | D:7      | Reached * piety under Okawaru
  6889 | D:7      | HP: 3/71 [Maggie/bolt of fire (23)]
  6891 | D:7      | Killed Maggie
  6892 | D:7      | Reached skill level 13 in Axes
  7467 | D:7      | Found a snail-covered altar of Cheibriados.
  7949 | D:7      | Noticed Joseph
  7963 | D:7      | Killed Joseph
  7963 | D:7      | Reached ** piety under Okawaru
  7964 | D:7      | Reached skill level 14 in Axes
  8252 | D:8      | Found a sparkling altar of Nemelex Xobeh.
  8362 | D:8      | Found Urarogiy's Changing Room.
  8394 | D:8      | Found a flagged portal.
  8404 | D:8      | Reached skill level 10 in Armour
  8412 | D:8      | Reached XP level 10. HP: 47/78 MP: 9/9
  8482 | Bailey   | Entered a bailey
  8597 | Bailey   | Found a large runed translucent door.
  8597 | Bailey   | Found a large runed translucent door.
  8598 | Bailey   | Noticed a deep elf pyromancer
  8619 | Bailey   | Noticed an orc knight
  8627 | Bailey   | Killed an orc knight
  8628 | Bailey   | Reached skill level 15 in Axes
  8877 | Bailey   | Killed a deep elf pyromancer
  8878 | Bailey   | Reached skill level 1 in Invocations
  8890 | Bailey   | Identified the ring of the Tarantula {Will++ Str+6 Int-2
                  | Dex+2}
  9818 | D:9      | Reached *** piety under Okawaru
  9820 | D:9      | Reached skill level 16 in Axes
 10344 | D:9      | Reached XP level 11. HP: 52/84 MP: 10/10
 10395 | D:9      | Reached **** piety under Okawaru
 10401 | D:9      | Noticed a catoblepas
 10419 | D:9      | Killed a catoblepas
 10420 | D:9      | Reached skill level 17 in Axes
 10441 | D:9      | Noticed a centaur warrior
 10444 | D:9      | Killed a centaur warrior
 10613 | D:9      | Noticed a centaur warrior
 10622 | D:9      | Killed a centaur warrior
 10630 | D:9      | Reached skill level 18 in Axes
 10637 | D:9      | Noticed a two-headed ogre
 10640 | D:9      | Killed a two-headed ogre
 10640 | D:9      | Reached ***** piety under Okawaru
 10640 | D:9      | Identified the +0 executioner's axe "Tormentor" {flame, rF-
                  | rN+ Str+4} (Okawaru gifted it to you on level 9 of the
                  | Dungeon)
 10640 | D:9      | Received a gift from Okawaru
 10645 | D:9      | Reached skill level 1 in Ranged Weapons
 10651 | D:9      | Noticed a flayed ghost
 11114 | D:9      | Killed a flayed ghost
 11181 | D:9      | Noticed a boulder beetle
 11186 | D:9      | Killed a boulder beetle
 11209 | D:9      | Noticed a red ugly thing
 11209 | D:9      | Noticed a green ugly thing
 11219 | D:9      | Killed a green ugly thing
 11227 | D:9      | Killed a green ugly thing
 11234 | D:9      | Noticed a two-headed ogre
 11262 | D:9      | Slain by a freezing wraith

Illustrated notes

Levels and vault maps discovered:
D:1:      wander_arrival_peaceful_grave, layout_basic,
          chequers_hall_statues_wall_a, nrook_mini_vaults
D:2:      layout_loops_ring, minivault_25
D:3:      layout_basic, shapermc_ecumenical_altar_notcrosses,
          kennysheep_generic_room_8
D:4:      layout_basic, nicolae_ru_path_of_blood, serial_shops, shop
D:5:      layout_loops_ring, lemuel_coloured_pillars_altar,
          mainiacjoe_overflow_six_doors_small, minmay_temple_entry_offerings,
          kennysheep_opposing_triangles
D:6:      layout_gridville, okawaru_ov_weapons_minmay,
          lightli_ossuary_entry_decrepit_ruins, serial_bayou_pond_e,
          nicolae_nh_oracle_at_delphi
D:7:      layout_basic, mainiacjoe_overflow_brackets,
          hangedman_decor_diamond_cutter, uniq_pikel, uniq_maggie, uniq_joseph
D:8:      layout_loops_ring, mainiacjoe_overflow_alcove_4, enter_bailey_2,
          nicolae_transmutations_shop, nicolae_underground_beach
D:9:      nzn_winding_woodlands_large [nzn_winding_woodlands_5x5_default,
          nzn_winding_woodlands_5x15_parted,
          nzn_winding_woodlands_5x5_checkerboard,
          nzn_winding_woodlands_center_pierced_h,
          nzn_winding_woodlands_15x15_killbox,
          nzn_winding_woodlands_center_garden,
          nzn_winding_woodlands_5x5_open_star,
          nzn_winding_woodlands_5x15_pathside_ponds,
          nzn_winding_woodlands_5x5_cross], layout_loops_corners,
          kennysheep_little_box, serial_shops, nicolae_shop_rolled_up,
          st_stairs_12
Temple:   eino_temple_water

Skill      XL: |  1  2  3  4  5  6  7  8  9 10 11 |
---------------+----------------------------------+-----
Armour         | 4 5 6 7 9 10 11 12 | 12.0
Fighting       | 4 |  4.0
Axes           | 3 4 5 7 9 11 14 16 18 | 18.9
Throwing       | 1 |  1.0
Invocations    | 1 2 |  2.0
Ranged Weapons | 1 |  1.2
Short Blades   | |  0.7
Long Blades    | |  0.7
Maces & Flails | |  0.7
Polearms       | |  0.9
Staves         | |  0.9
Shields        | |  3.6
Conjurations   | |  0.3
Hexes          | |  0.3
Summonings     | |  0.4
Necromancy     | |  0.3
Translocations | |  0.3
Transmutations | |  0.4
Fire Magic     | |  0.3
Ice Magic      | |  0.5
Air Magic      | |  0.6
Earth Magic    | |  0.5
Poison Magic   | |  0.3

Action                     |  1- 3 |  4- 6 |  7- 9 | 10-12 || total
---------------------------+-------+-------+-------+-------++-------
  Melee: War axe           |    87 |   125 |   224 |       ||   436
         Headbutt          |     2 |    16 |    46 |    46 ||   110
         Battleaxe         |       |       |    12 |   222 ||   234
  Throw: Boomerang         |       |    19 |     2 |       ||    21
 Invoke: Heroism           |       |       |     2 |     5 ||     7
    Use: Scroll            |     1 |       |    13 |     5 ||    19
         Potion            |     1 |       |     7 |     4 ||    12
   Stab: Distracted        |       |       |       |     1 ||     1
         Fleeing           |       |       |       |     1 ||     1
 Armour: Scale mail        |    54 |    40 |       |       ||    94
         Chain mail        |       |     6 |    91 |     7 ||   104
         Plate armour      |       |       |       |   104 ||   104
  Dodge: Dodged            |    40 |    67 |   127 |    72 ||   306
  Block: Buckler           |    17 |    27 |    32 |       ||    76
